 Dungeon Crawl Stone Soup version 0.25.0-37-gb73750e0fb (webtiles) character file.

Game seed: 1287681063948618065

102 Ethylacetat the Sneak (level 4, -18/31 HPs)
             Began as an Octopode Assassin on July 8, 2020.
             Killed from afar by a steam dragon (25 damage)
             ... with a ball of steam
             ... on level 5 of the Dungeon.
             The game lasted 00:03:41 (2318 turns).

Ethylacetat the Sneak (Octopode Assassin)           Turns: 2318, Time: 00:03:41

Health: -18/31     AC:  1    Str: 11    XL:     4   Next: 78%
Magic:  4/4        EV: 13    Int: 13    God:
Gold:   107        SH:  0    Dex: 13    Spells: 3/3 levels left

rFire    . . .     SeeInvis .   j - +2 dagger (speed)
rCold    . . .     Gourm    .   (no shield)
rNeg     . . .     Faith    .   (helmet restricted)
rPois    .         Spirit   .   (no amulet)
rElec    .         Reflect  .   (no ring)
rCorr    .         Harm     .   (no ring)
MR       .....                  (no ring)
Stlth    ++++......             (no ring)
HPRegen  0.10/turn              (no ring)
MPRegen  0.09/turn              (no ring)
                                (no ring)
                                (no ring)

@: no status effects
A: almost no armour, stealthy swim, amphibious, 8 rings, constrict 8, camouflage
1, gelatinous body 1
a: no special abilities


You were on level 5 of the Dungeon.
You were not hungry.

You visited 1 branch of the dungeon, and saw 4 of its levels.

You collected 107 gold pieces.

Inventory:

Hand Weapons
 j - a +2 dagger of speed (weapon)
Missiles
 b - 8 poisoned darts (quivered)
 c - 2 curare-tipped darts
 e - a throwing net
Jewellery
 n - an uncursed ring of flight {unknown}
Scrolls
 a - 2 scrolls of identify {unknown}
 f - a scroll of noise {unknown}
 i - 3 scrolls of remove curse {unknown}
 k - 2 scrolls of teleportation {unknown}
Potions
 g - a potion of invisibility {unknown}
 h - a potion of magic {unknown}
 m - a potion of curing {unknown}
Comestibles
 d - 6 rations
 l - 12 chunks of flesh


   Skills:
 + Level 3.1 Fighting
 * Level 4.1 Short Blades
 - Level 2.0 Throwing
 - Level 1.0 Dodging
 - Level 5.3 Stealth


You had 3 spell levels left.
You didn't know any spells.
Your spell library was empty.

Dungeon Overview and Level Annotations

Branches:
Dungeon (3/15)

Altars:


Innate Abilities, Weirdness & Mutations

You cannot wear most types of armour.
You are very stealthy in the water. (Stealth+)
You are amphibious.
You can wear up to eight rings at the same time.
You can use your tentacles to constrict eight enemies at once.
Your skin changes colour to match your surroundings (Stealth+).
Your rubbery body absorbs attacks. (AC +1, EV +1)


Message History

The steam dragon misses you. The steam dragon claws you.
The fungus is engulfed in a cloud of scalding steam.
The fungus is engulfed in a cloud of scalding steam.
The steam dragon breathes steam at you.
The ball of steam hits the frilled lizard!
The frilled lizard dies!
The ball of steam hits you!
* * * LOW HITPOINT WARNING * * *
The fungus is engulfed in a cloud of scalding steam.
The fungus is engulfed in a cloud of scalding steam.
The steam dragon is sucked into a shaft!
The shaft crumbles and collapses.
The steam dragon breathes steam at you. The ball of steam misses you.
The ball of steam hits the fungus!
The fungus is engulfed in a cloud of scalding steam.
The fungus is engulfed in a cloud of scalding steam.
The steam dragon breathes steam at you. The ball of steam hits you!!
Ouch! That really hurt!
You die...

?.$≈P.#
#..≈≈P
#^..P#
#≈.P^
#P.P#
#P.≈#
#≈..#
#≈@≈#
##§.#
#§.#
#≈.##
#≈.P#
#D.≈#
##
#≈.≈#
..
#..≈#
####.
#≈..#


There were no monsters in sight!

Vanquished Creatures
  5 adders
  An ooze (D:2)
  2 leopard geckos
  An orc (D:3)
  2 giant cockroaches (D:2)
  10 goblins
  4 hobgoblins
  3 jackals (D:1)
  7 kobolds
  2 ball pythons (D:2)
  4 bats
  3 frilled lizards
  7 rats
51 creatures vanquished.

Vanquished Creatures (others)
  A frilled lizard (D:5)
1 creature vanquished.

Grand Total: 52 creatures vanquished

Notes
Turn   | Place    | Note
-------+----------+-------------------------------------------
     0 | D:1      | Ethylacetat the Octopode Assassin began the quest for the
                  | Orb.
     0 | D:1      | Reached XP level 1. HP: 14/14 MP: 1/1
   309 | D:1      | Reached XP level 2. HP: 19/19 MP: 2/2
  1012 | D:2      | Reached XP level 3. HP: 13/25 MP: 3/3
  1627 | D:2      | Reached XP level 4. HP: 27/30 MP: 4/4
  2304 | D:3      | You fall into a shaft and drop 2 floors!
  2304 | D:5      | Entered Level 5 of the Dungeon
  2305 | D:5      | Noticed a steam dragon
  2305 | D:5      | Noticed a steam dragon
  2318 | D:5      | Killed from afar by a steam dragon

Illustrated notes

Levels and vault maps discovered:
D:1:      dpeg_arrival_circle_labyrinth_c, layout_basic
D:2:      layout_basic, first_ration
D:3:      layout_basic
D:5:      kennysheep_steamy, layout_loops_corners

Skill      XL: |  1  2  3  4 |
---------------+-------------+-----
Short Blades   | 3 4 |  4.1
Fighting       | 3 |  3.1
Throwing       | |  2.0
Dodging        | |  1.0
Stealth        | |  5.3

Action                   |  1- 3 |  4- 6 || total
-------------------------+-------+-------++-------
Melee: Dagger            |    49 |    30 ||    79
       Constrict         |    10 |     7 ||    17
       Tentacles         |     9 |     3 ||    12
 Stab: Sleeping          |    13 |     9 ||    22
  Eat: Chunk             |     2 |     2 ||     4
Armor: Skin              |     3 |       ||     3
Dodge: Dodged            |    26 |     7 ||    33
